 Dungeon Crawl Stone Soup version 0.31.0-9-g3a7656b989 (webtiles) character file.

Game seed: 18107027805030711677

5666 Amplified the Fighter (level 10, 0/83 HPs)
             Began as a Human Fighter on Jan 25, 2024.
             Was an Initiate of Wu Jian.
             Succumbed to a black mamba's poison
             ... on level 1 of the Lair of Beasts.
             The game lasted 00:23:48 (8227 turns).

Amplified the Fighter (Human Fighter)               Turns: 8227, Time: 00:23:49

Health: 0/83       AC: 12    Str: 20    XL:     10   Next: 75%
Magic:  10/10      EV: 14    Int:  9    God:    Wu Jian [......]
Gold:   293        SH:  6    Dex: 10    Spells: 9/9 levels left

rFire   . . .        a - +0 war axe (flame)
rCold   + . .        c - +0 buckler
rNeg    + . .        b - +0 scale mail
rPois   .            (no helmet)
rElec   .            (no cloak)
rCorr   .            k - +1 pair of gloves
SInv    .            l - +1 pair of boots
Will    +....        g - amulet of faith Stlth
                     D - ring of Kacuzy {+Blink rN+ Will+ Dex-3}
HPRegen 0.33/turn    i - +5 ring of evasion
MPRegen 0.12/turn

%: faith
@: lethally poisoned (0 -> -25)
A: explore regen, cold resistance 1
a: Renounce Religion, Evoke Blink


You were on level 1 of the Lair of Beasts.
You worshipped Wu Jian.
Wu Jian was noncommittal.
You visited 2 branches of the dungeon, and saw 12 of its levels.
You also visited: Trove.

You collected 621 gold pieces.
You spent 328 gold pieces at shops.

Inventory:

Hand Weapons
 a - a +0 war axe of flaming (weapon)
Missiles
 h - 22 poisoned darts (quivered)
Armour
 b - a +0 scale mail (worn)
 c - a +0 buckler (worn)
 k - a +1 pair of gloves (worn)
 l - a +1 pair of boots (worn)
 r - the +0 chain mail "Qarray" {-Tele rF+++ Int+4}
   (You found it on level 5 of the Dungeon)

   Int+4:     It affects your intelligence (+4).
   rF+++:     It renders you almost immune to fire.
   -Tele:     It prevents most forms of teleportation.
Jewellery
 e - a ring of see invisible
 g - an amulet of faith (around neck)
 i - a +5 ring of evasion (right hand)
 q - a ring of resist corrosion
 y - an amulet of the acrobat
 A - a ring of protection from fire
 C - an amulet of reflection
 D - the ring of Kacuzy (left hand) {+Blink rN+ Will+ Dex-3}
   (You found it in a treasure trove)

   [ring of positive energy]

   Dex-3:     It affects your dexterity (-3).
   rN+:       It protects you from negative energy.
   Will+:     It increases your willpower.
   +Blink:    It lets you blink.
 E - the ring of Ryat {Ice ^Drain rPois Str+7 SInv}
   (You found it in a treasure trove)

   [ring of ice]

   Ice:       It enhances your ice magic.
   Str+7:     It affects your strength (+7).
   rF-:       It makes you vulnerable to fire.
   rC+:       It protects you from cold.
   rPois:     It protects you from poison SInv: It lets you see invisible.
   ^Drain:    It drains your maximum health when unequipped.
 G - a +4 ring of protection
 H - the ring "Yqefyinu" {*Slow +Blink rN+ Dex+3}
   (You found it in a treasure trove)

   [ring of positive energy]

   Dex+3:     It affects your dexterity (+3).
   rN+:       It protects you from negative energy.
   +Blink:    It lets you blink.
   *Slow:     It may slow you when you take damage.
 I - a ring of resist corrosion
Wands
 f - a wand of digging (7)
 v - a wand of flame (22)
Scrolls
 m - 2 scrolls of noise
 n - 2 scrolls of immolation
 t - a scroll of torment
 z - a scroll of identify
Potions
 d - a potion of mutation
 j - 2 potions of cancellation
 w - 2 potions of magic
 x - 2 potions of attraction


   Skills:
 * Level 9.1 Fighting
 * Level 8.7 Axes
 - Level 6.5 Armour
 * Level 9.0 Shields


You had 9 spell levels left.
You didn't know any spells.
Your spell library contained the following spells:

 Spells                   Type           Power      Damage    Failure   Level
 Foxfire                  Conj/Fire      0%         2x1d4     77%         1
 Freeze                   Ice            0%         1d3       77%         1
 Magic Dart               Conj           0%         1d3       77%         1
 Blink                    Tloc           0%         N/A       88%         2
 Call Imp                 Summ           0%         N/A       88%         2
 Frozen Ramparts          Ice            0%         1d1       98%         3
 Hailstorm                Conj/Ice       0%         3d5       98%         3
 Plasma Beam              Fire/Air       0%         2x1d10    100%        6
 Sculpt Simulacrum        Ice/Alch       0%         N/A       100%        6
 Starburst                Conj/Fire      0%         6d3       100%        6
 Ozocubu's Refrigeration  Ice            0%         4d7       100%        7
 Polar Vortex             Ice            0%         N/A       100%        9


Dungeon Overview and Level Annotations

Branches:
Dungeon (10/15)            Temple (0/1) D:6            Lair (2/5) D:8
 Spider (0/4) Lair:2
  Swamp: Lair:2-3    Shoals: Lair:2-3       Orc: D:9-12

Altars:
Cheibriados
Fedhas
Hepliaklqana
Nemelex Xobeh
Okawaru
Ru
Sif Muna
Vehumet
Wu Jian
Xom
Yredelemnul

Shops:
D:7 [   D:9 *

Annotations:
D:8 Psyche
D:9 Erolcha
D:10 1 transporter


Innate Abilities, Weirdness & Mutations

You regain HP and MP as you explore.
Your flesh is cold resistant. (rC+)


Message History

The black mamba bites you!
You are more poisoned.
The black mamba poisons you! The water moccasin closely misses you.
The black mamba bites you! The water moccasin barely misses you.
Unknown command.
Unknown command.
You hit the black mamba but do no damage.
You miss the water moccasin.
You feel extremely sick. The black mamba bites you!
* * * LOW HITPOINT WARNING * * *
You are more poisoned.
The black mamba poisons you!
The water moccasin bites you but does no damage.
The black mamba bites you but does no damage.
Unknown command.
You feel much better.
You feel extremely sick. You block the black mamba's attack.
You block the water moccasin's attack.
Unknown command.
Okay, then.
Okay, then.
You miss the black mamba. You miss the water moccasin.
You feel ready to blink again.
You feel extremely sick. The black mamba misses you.
You block the water moccasin's attack. The black mamba bites you!
The water moccasin bites you!
* * * LOW HITPOINT WARNING * * *
Unknown command.
Unknown command.
You closely miss the water moccasin. You closely miss the black mamba.
* * * LOW HITPOINT WARNING * * *
You feel extremely sick.
The black mamba bites you but does no damage.
You block the black mamba's attack. The water moccasin bites you.
* * * LOW HITPOINT WARNING * * *
Unknown command.
You barely miss the black mamba. You hit the water moccasin.
You burn the water moccasin.
You die...

#........##
#..........
#.........#
#.........#
#.........#
#..........
#..........
##S.........
#@S........#
##.........#
##P########
###


You could see a black mamba and a water moccasin.

Vanquished Creatures
  A troll (D:10)
  Grinder (D:5)
  A tarantella (Lair:2)
  Prince Ribbit (D:5)
  A culicivora (Lair:2)
  4 yaks
  A wyvern (D:9)
  A steam dragon (D:8)
  4 water moccasins
  An acid dragon (D:8)
  An orc warrior (D:8)
  An ice beast (D:7)
  3 black bears
  3 wolves (Lair:2)
  3 ogres
  2 centaurs
  A phantom (D:4)
  A weeping skull (D:5)
  7 bullfrogs
  3 scorpions
  4 wights (D:8)
  3 killer bees
  4 howler monkeys
  A jelly (D:5)
  A bombardier beetle (D:5)
  5 orc priests
  2 hounds
  A gnoll bouda (D:9)
  3 iguanas
  7 orc wizards
  3 sleepcaps (D:5)
  Robin (D:4)
  13 gnolls
  8 adders
  A shadow imp (D:5)
  4 white imps
  2 ufetubi (D:6)
  2 ribbon worms
  4 dart slugs
  16 orcs
  6 endoplasms
  4 giant cockroaches
  10 goblins
  6 hobgoblins
  4 jackals (D:2)
  3 kobolds
  2 quokkas
  8 ball pythons
  10 bats
  2 frilled lizards
  4 rats
  A spectral orc (D:5)
186 creatures vanquished.

Notes
Turn   | Place    | Note
-------+----------+-------------------------------------------
     0 | D:1      | Amplified the Human Fighter began the quest for the Orb.
     0 | D:1      | Reached XP level 1. HP: 18/18 MP: 1/1
   117 | D:1      | Found a faded altar of an unknown god.
   123 | D:1      | Reached XP level 2. HP: 24/24 MP: 2/2
   181 | D:1      | Prayed at the altar of an unknown god.
   181 | D:1      | Became a worshipper of the Wu Jian Council
   181 | D:1      | Reached * piety under Wu Jian
   629 | D:2      | Reached XP level 3. HP: 27/29 MP: 3/3
   834 | D:2      | Reached ** piety under Wu Jian
   835 | D:2      | Reached XP level 4. HP: 36/36 MP: 4/4
  1316 | D:3      | Reached XP level 5. HP: 42/42 MP: 5/5
  1401 | D:3      | Reached XP level 6. HP: 34/48 MP: 6/6
  1666 | D:3      | Reached *** piety under Wu Jian
  2180 | D:4      | Reached XP level 7. HP: 11/55 MP: 7/7
  2784 | D:4      | Reached skill level 5 in Fighting
  2835 | D:4      | Reached skill level 5 in Shields
  3107 | D:4      | Noticed Robin
  3121 | D:4      | Killed Robin
  3187 | D:5      | Entered Level 5 of the Dungeon
  3256 | D:5      | Identified the +0 chain mail "Qarray" {-Tele rF+++ Int+4}
  3620 | D:5      | Reached skill level 5 in Axes
  3634 | D:5      | Noticed Prince Ribbit
  3686 | D:5      | Noticed Grinder
  3698 | D:5      | Killed Grinder
  3698 | D:5      | Reached XP level 8. HP: 49/64 MP: 8/8
  4017 | D:5      | Found a basalt altar of Yredelemnul.
  4329 | D:5      | Killed Prince Ribbit
  4329 | D:5      | Reached skill level 5 in Armour
  4670 | D:6      | Found a staircase to the Ecumenical Temple.
  4695 | D:6      | Reached XP level 9. HP: 10/71 MP: 9/9
  5192 | D:6      | Found a hazy altar of Hepliaklqana.
  5232 | D:6      | Found a sacrificial altar of Ru.
  5692 | D:7      | Found a sparkling altar of Nemelex Xobeh.
  5718 | D:7      | Gained mutation: You are weak. (Str -2) [potion of
                  | mutation]
  5718 | D:7      | Gained mutation: You are strong-willed. (Will+) [potion of
                  | mutation]
  5718 | D:7      | Gained mutation: You are partially covered in iridescent
                  | scales. (AC +2) [potion of mutation]
  5827 | D:7      | Lost mutation: You are strong-willed. (Will+) [potion of
                  | mutation]
  5827 | D:7      | Lost mutation: You are partially covered in iridescent
                  | scales. (AC +2) [potion of mutation]
  5827 | D:7      | Lost mutation: You are weak. (Str -2) [potion of mutation]
  5827 | D:7      | Gained mutation: Your flesh is cold resistant. (rC+)
                  | [potion of mutation]
  6102 | D:7      | Found Wipof's Antique Armour Shop.
  6105 | D:7      | Bought a pair of embroidered boots for 262 gold pieces
  6279 | D:7      | Found an iron altar of Okawaru.
  6284 | D:7      | Found a radiant altar of Vehumet.
  6292 | D:7      | Found a snail-covered altar of Cheibriados.
  6292 | D:7      | Found a shimmering altar of Xom.
  6299 | D:7      | Found a shimmering blue altar of Sif Muna.
  6356 | D:8      | Found a blossoming altar of Fedhas.
  6400 | D:8      | Noticed Psyche
  6506 | D:8      | Reached XP level 10. HP: 24/80 MP: 10/10
  6700 | D:9      | Found Pits's Assorted Antiques.
  6703 | D:9      | Bought a scroll labelled HOUBIVA AHYH for 33 gold pieces
  6703 | D:9      | Bought a scroll labelled HADECU RYXT for 33 gold pieces
  6899 | D:9      | Noticed Erolcha
  7011 | D:10     | Entered Level 10 of the Dungeon
  7128 | D:10     | Found a transporter.
  7166 | D:10     | Found a portal to a secret trove of treasure.
  7176 | Trove    | Entered a treasure trove
  7189 | Trove    | Identified the ring "Hamausar" {rPois Int+2}
  7199 | Trove    | Identified the ring of Kacuzy {+Blink rN+ Will+ Dex-3}
  7201 | Trove    | Identified the ring of Ryat {Ice ^Drain rPois Str+7 SInv}
  7210 | Trove    | Identified the ring "Yqefyinu" {*Slow +Blink rN+ Dex+3}
  7285 | D:10     | Noticed a two-headed ogre
  7651 | D:8      | Found a staircase to the Lair.
  7905 | Lair:1   | Entered Level 1 of the Lair of Beasts
  8021 | Lair:1   | Noticed a cane toad
  8022 | Lair:1   | Noticed a black mamba
  8145 | Lair:2   | Found a hole to the Spider Nest.
  8214 | Lair:1   | Noticed a black mamba
  8227 | Lair:1   | Succumbed to a black mamba's poison

Illustrated notes

Levels and vault maps discovered:
D:1:      lemuel_arrival_behind_the_door_small, layout_rooms,
          shapermc_ecumenical_altar_pompeii
D:2:      layout_loops_ring, minmay_quadrilaterals
D:3:      layout_basic, minmay_cut_off
D:4:      layout_loops_cross, kennysheep_generic_room_16, uniq_robin
D:5:      layout_gridville, yredelemnul_forgotten_temple_becter,
          minmay_misc_feat_alley, dk_rats_in_the_wall, uniq_prince_ribbit1,
          uniq_grinder
D:6:      layout_basic, mainiacjoe_overflow_paths,
          mainiacjoe_overflow_surrounded_room, minmay_temple_entry_tees,
          dk_noncrumbling_4
D:7:      layout_rooms, nemelex_dance_club_becter,
          nicolae_overflow_hallway_of_the_gods, serial_curves, eino_curves_01,
          eino_curves_01, serial_shops, kennysheep_mini
D:8:      layout_rooms, mainiacjoe_overflow_alcove_2, dpeg_oklobed_lair,
          grunt_ministairs_8, uniq_psyche
D:9:      layout_gridville, serial_shops, nicolae_shop_real_fake_doors,
          hangedman_tell_no_tales, uniq_erolcha
D:10:     layout_loops_ring, amcnicky_altar_gilded, serial_shops,
          nicolae_shop_drivethru, nicolae_trove_entry_crystal
Lair:1:   layout_small_grid
Lair:2:   layout_chaotic_city, spider_nest_entry_rubble, lemuel_fruit_fields,
          grunt_megastairs_1, serial_bayou_shore_a

Skill      XL: |  1  2  3  4  5  6  7  8  9 10 |
---------------+-------------------------------+-----
Axes           | 3 4 5 6 7 8 |  8.7
Fighting       | 4 5 6 8 9 |  9.1
Shields        | 4 5 6 7 9 |  9.0
Armour         | 4 5 6 |  6.5

Action                     |  1- 3 |  4- 6 |  7- 9 | 10-12 || total
---------------------------+-------+-------+-------+-------++-------
  Melee: War axe           |    80 |   155 |   361 |   216 ||   812
  Throw: Dart              |       |     6 |    15 |       ||    21
 Invoke: Serpent's Lash    |       |     1 |    18 |     2 ||    21
Ability: Lunge             |     5 |    11 |    15 |     4 ||    35
         Whirlwind         |     3 |     1 |    18 |     3 ||    25
         Wall Jump         |       |     3 |     2 |     1 ||     6
         Evoke Blink       |       |       |       |     1 ||     1
  Evoke: Wand              |       |       |     8 |     4 ||    12
    Use: Scroll            |     4 |     5 |     8 |     6 ||    23
         Potion            |       |     2 |    15 |     3 ||    20
   Stab: Paralysed         |       |       |    16 |       ||    16
 Armour: Scale mail        |    58 |   112 |   225 |   148 ||   543
         Skin              |       |       |     4 |       ||     4
  Dodge: Dodged            |    54 |    70 |   220 |   191 ||   535
  Block: Buckler           |    18 |    35 |    94 |    71 ||   218
